AoeStats
← pifitofo

Black Forest

509189728Analyzed
4v4 RM · 8d ago on Sep 25, 2026· 110m 15s· 8 players
Game mode
Random Map
Map size
Large (8 player)
Population
200
Speed
Normal
Resources
Standard
Victory
Conquest
Starting age
Dark Age
Ending age
Imperial Age
RankedLock teamsTeams togetherTeam positionsShared explorationLock speedFull tech treeHidden civsTurbo modeCheats
Victory
Defeat
🇲🇽 Koreans · Mexico
916
+18
🇺🇸 Goths · United States
904
+18
🇦🇷 Persians · Argentina
875
+19
🇲🇽 Bohemians · Mexico
873
+19
🇨🇱 Britons · Chile
1073
-23
🇹🇷 Huns · Türkiye
934
-18
🇹🇷 Saxons · Türkiye
916
-17
🇦🇷 Turks · Argentina
879
-16
SavageDumpling
8:23 Loom
11:30 Feudal Age
15:20 Castle Age
13:32 Double-Bit Axe
13:40 Horse Collar
14:21 Gold Mining
16:07 Town Watch
17:58 Bow Saw
18:13 Stone Mining
24:41 Forging
25:04 Heavy Plow
25:11 Squires
24:43 Man-at-Arms
26:57 Wheelbarrow
26:28 Scale Mail Armor
27:36 Town Patrol
27:50 Anarchy
28:55 Iron Casting
28:35 Chain Mail Armor
29:37 Hand Cart
29:24 Long Swordsman
39:47 Imperial Age
39:50 Two-Handed Swordsman
43:33 Pikeman
44:22 Halberdier
52:17 Blast Furnace
55:13 Crop Rotation
VicRoldanG
1:05 Loom
13:09 Feudal Age
13:39 Double-Bit Axe
14:35 Wheelbarrow
13:44 Horse Collar
17:31 Fletching
20:38 Padded Archer Armor
26:05 Castle Age
26:29 Crossbowman
32:59 Light Cavalry
39:15 Scale Barding Armor
40:10 Forging
40:34 Heavy Plow
40:55 Bow Saw
41:41 Hand Cart
47:18 Iron Casting
47:22 Husbandry
47:16 Town Watch
48:10 Scale Mail Armor
48:43 Squires
48:28 Arson
48:04 Pikeman
52:20 Chain Mail Armor
55:23 Imperial Age
54:05 Bodkin Arrow
53:46 Man-at-Arms
54:22 Long Swordsman
55:24 Halberdier
56:43 Plate Mail Armor
57:25 Blast Furnace
57:30 Leather Archer Armor
58:27 Guilds
58:09 Two-Handed Swordsman
62:40 Coinage
62:10 Caravan
64:10 Elite Skirmisher
67:26 Banking
74:26 Two-Man Saw
74:10 Arbalester
77:19 Bracer
78:36 Chemistry
78:30 Ring Archer Armor
79:31 Chain Barding Armor
81:02 Siege Engineers
84:28 Onager
90:32 Houfnice
93:25 Capped Ram
96:22 Ballistics
99:06 Champion
99:18 Cavalier
108:28 Spies/Treason
pifitofo
3:20 Loom
11:25 Feudal Age
17:22 Castle Age
16:06 Double-Bit Axe
16:31 Horse Collar
20:14 Bow Saw
27:04 Wheelbarrow
26:36 Heavy Plow
30:01 Hand Cart
33:08 Imperial Age
30:46 Gold Mining
30:47 Stone Mining
31:06 Scale Mail Armor
31:41 Ballistics
32:03 Gold Shaft Mining
32:13 Forging
32:29 Chain Mail Armor
32:20 Scale Barding Armor
32:06 Fletching
33:07 Stone Shaft Mining
32:16 Treadmill Crane
33:04 Masonry
33:13 Caravan
34:08 Iron Casting
33:19 Elite Fire Lancer
35:07 Squires
36:27 Plate Mail Armor
36:18 Chain Barding Armor
36:55 Conscription
36:15 Elite War Wagon
38:52 Bodkin Arrow
40:20 Chemistry
40:28 Two-Man Saw
45:33 Bracer
45:45 Siege Engineers
46:11 Architecture
48:21 Pikeman
51:58 Halberdier
106:45 Spies/Treason
mateakd2013
2:14 Loom
15:15 Feudal Age
19:28 Castle Age
20:41 Double-Bit Axe
28:35 Bow Saw
32:39 Horse Collar
37:44 Imperial Age
36:10 Wheelbarrow
36:19 Bloodlines
36:10 Husbandry
36:21 Scale Barding Armor
36:27 Forging
37:26 Kamandaran
37:34 Cavalier
39:36 Two-Man Saw
39:16 Savar
40:07 Heavy Plow
40:39 Chain Barding Armor
40:20 Padded Archer Armor
40:11 Fletching
40:56 Iron Casting
40:49 Ballistics
41:32 Chemistry
41:26 Conscription
43:37 Plate Barding Armor
44:55 Elite War Elephant
46:09 Crossbowman
46:55 Thumb Ring
53:32 Blast Furnace
53:46 Gold Mining
60:25 Hand Cart
73:22 Light Cavalry
74:32 Hussar
79:00 Caravan
AFABOSTERA
0:31 Loom
13:05 Feudal Age
14:33 Horse Collar
14:48 Gold Mining
14:45 Double-Bit Axe
24:27 Castle Age
23:57 Stone Mining
26:27 Wheelbarrow
28:42 Gold Shaft Mining
30:10 Bow Saw
37:39 Imperial Age
37:42 Fortified Wall
39:29 Coinage
39:00 Caravan
39:35 Elite Janissary
41:06 Conscription
48:44 Scale Mail Armor
48:54 Forging
49:17 Squires
53:43 Banking
53:59 Chain Mail Armor
54:20 Iron Casting
53:49 Padded Archer Armor
54:16 Ballistics
[JRA] MELITIAN
3:32 Loom
10:18 Feudal Age
16:57 Castle Age
16:38 Scale Mail Armor
16:49 Forging
16:39 Stone Mining
17:43 Double-Bit Axe
19:50 Bow Saw
21:30 Wheelbarrow
24:06 Gold Mining
28:02 Chain Mail Armor
28:22 Iron Casting
28:02 Squires
27:52 Arson
36:40 Imperial Age
39:00 Caravan
39:21 Elite Hearth Troop
39:58 Elite Varangian Guard
41:24 Hand Cart
42:17 Shield Wall
49:58 Gold Shaft Mining
49:47 Conscription
50:18 Plate Mail Armor
49:49 Padded Archer Armor
49:39 Fletching
52:09 Bodkin Arrow
52:29 Leather Archer Armor
52:20 Scale Barding Armor
62:52 Pikeman
66:12 Fortified Wall
65:58 Murder Holes
66:25 Masonry
66:54 Hoardings
79:58 Onager
98:37 Halberdier
[JRA]BATU
12:21 Feudal Age
19:00 Castle Age
18:02 Double-Bit Axe
18:33 Horse Collar
19:20 Stone Mining
28:02 Wheelbarrow
28:50 Bow Saw
29:51 Heavy Plow
31:03 Gold Mining
31:35 Scale Barding Armor
32:21 Gold Shaft Mining
35:42 Imperial Age
33:50 Hand Cart
34:04 Loom
34:05 Town Watch
34:35 Bloodlines
34:26 Husbandry
35:12 Caravan
36:12 Chain Barding Armor
36:02 Forging
36:48 Conscription
36:23 Cavalier
39:23 Two-Man Saw
39:50 Iron Casting
42:08 Plate Barding Armor
43:32 Blast Furnace
43:11 Paladin
48:16 Parthian Tactics
47:12 Heavy Cavalry Archer
47:58 Thumb Ring
48:36 Ballistics
49:21 Chemistry
49:04 Fletching
49:15 Padded Archer Armor
KEVINLUCIANO631
8:33 Loom
12:30 Feudal Age
13:26 Double-Bit Axe
16:25 Padded Archer Armor
17:46 Fletching
19:30 Horse Collar
25:28 Castle Age
24:19 Scale Mail Armor
25:33 Crossbowman
28:51 Bodkin Arrow
29:12 Leather Archer Armor
30:52 Bow Saw
34:50 Pikeman
36:10 Stone Mining
37:48 Gold Mining
41:05 Yeomen
41:30 Wheelbarrow
40:41 Town Watch
Connection lost

Rejoining the realm…

Still unreachable

The connection could not be restored.

Session expired

The server has moved on; the page needs a fresh start.